3L
SEATTLE AVIATORS @ KINGSTON TOWNSHIP LEGION
06/06/2023
 
TOP OF THE 1ST
Seattle Aviators batting - Pitching for Kingston Township Legion : LHP Shigemasa Horiuchi
Pitching: LHP Shigemasa Horiuchi
Batting: RHB Randolph Davis 0-0: Foul Ball, location: 2F
0-1: Ball
1-1: Fly out, F6 (Line Drive, 6)
Batting: RHB Kenzaburo Hori 0-0: Ball
1-0: Called Strike
1-1: Called Strike
1-2: Ground out 5-3 (Groundball, 56)
Batting: RHB Sean Davis 0-0: Called Strike
0-1: Swinging Strike
0-2: Ball
1-2: Ball
2-2: Foul Ball, location: 2F
2-2: Foul Ball, location: 2F
2-2: Strikes out swinging
Top of the 1st over - 0 run(s), 0 hit(s), 0 error(s), 0 left on base; Seattle 0 - Kingston Township 0
BOTTOM OF THE 1ST
Kingston Township Legion batting - Pitching for Seattle Aviators : RHP Matt Harris
Pitching: RHP Matt Harris
Batting: LHB Forrest McCooke 0-0: Foul Ball, location: 2F
0-1: Foul Ball, location: 2F
0-2: Fly out, F8 (Line Drive, 8LM)
Batting: LHB Gonzalo López 0-0: Ground out 4-3 (Groundball, 4)
Batting: RHB Layton Templeman 0-0: Swinging Strike
0-1: Foul Ball, location: 2F
0-2: Ball
1-2: Foul Ball, location: 2F
1-2: Ground out 2-3 (Groundball, 23)
Bottom of the 1st over - 0 run(s), 0 hit(s), 0 error(s), 0 left on base; Seattle 0 - Kingston Township 0
TOP OF THE 2ND
Seattle Aviators batting - Pitching for Kingston Township Legion : LHP Shigemasa Horiuchi
Batting: LHB Ramón García 0-0: Ball
1-0: Called Strike
1-1: Ball
2-1: Foul Ball, location: 2F
2-2: Ball
3-2: Base on Balls
Batting: RHB Vernon Caw 0-0: Ball
1-0: Called Strike
1-1: Called Strike
1-2: Ball
2-2: Foul Ball, location: 2F
2-2: Strikes out looking
Batting: RHB Brian Williams Pickoff Throw to First - Out!
0-0: Ball
1-0: Foul Ball, location: 2F
1-1: Swinging Strike
1-2: Strikes out swinging
Top of the 2nd over - 0 run(s), 0 hit(s), 0 error(s), 0 left on base; Seattle 0 - Kingston Township 0
BOTTOM OF THE 2ND
Kingston Township Legion batting - Pitching for Seattle Aviators : RHP Matt Harris
Batting: LHB Clay Rush 0-0: Ball
1-0: Ball
2-0: Foul Ball, location: 2F
2-1: Swinging Strike
2-2: Foul Ball, location: 2F
2-2: Foul Ball, location: 2F
2-2: Ball
3-2: Foul Ball, location: 2F
3-2: Base on Balls
Batting: RHB Akihiko Oike 0-0: Ball
1-0: SINGLE (Groundball, 34D)
Clay Rush to second
Runner from 2nd tries for 3rd, SAFE, throw made to third
Batting: RHB Pedro Mendoza 0-0: Called Strike
0-1: Swinging Strike
0-2: Ball
1-2: Ground out 5-3 (Groundball, 56S)
Clay Rush scores
Akihiko Oike to second
Batting: RHB Noel Wells 0-0: Called Strike
0-1: Ball
1-1: Foul Ball, location: 2F
1-2: Ground out 5-3 (Groundball, 56)
Batting: RHB Stan Pierce 0-0: Ball
1-0: Ball
2-0: Ball
3-0: Base on Balls
Batting: RHB Jon Erickson 0-0: Swinging Strike
0-1: Foul Ball, location: 2F
0-2: Ball
1-2: Ball
2-2: Strikes out swinging
Bottom of the 2nd over - 1 run(s), 1 hit(s), 0 error(s), 2 left on base; Seattle 0 - Kingston Township 1
TOP OF THE 3RD
Seattle Aviators batting - Pitching for Kingston Township Legion : LHP Shigemasa Horiuchi
Batting: RHB Tanyu Kimura 0-0: Called Strike
0-1: Foul Ball, location: 2F
0-2: Ball
1-2: Strikes out looking
Batting: LHB Kenny Webster 0-0: Called Strike
0-1: Called Strike
0-2: Ball
1-2: Ball
2-2: Foul Ball, location: 2F
2-2: Ball
3-2: Base on Balls
Batting: RHB Clarence Fox 0-0: Fielders Choice at 2nd, 5-4 (Groundball, 5L)
Batting: RHB Randolph Davis 0-0: Ball
1-0: SINGLE (Groundball, 34S)
Clarence Fox to second
Runner from 2nd tries for 3rd, SAFE, throw made to third
Randolph Davis to second
Batting: RHB Kenzaburo Hori 0-0: Called Strike
0-1: Called Strike
0-2: Strikes out swinging
Top of the 3rd over - 0 run(s), 1 hit(s), 0 error(s), 2 left on base; Seattle 0 - Kingston Township 1
BOTTOM OF THE 3RD
Kingston Township Legion batting - Pitching for Seattle Aviators : RHP Matt Harris
Batting: LHB Forrest McCooke 0-0: Ball
1-0: Ball
2-0: Bunted foul
2-1: Foul Ball, location: 2F
2-2: Foul Ball, location: 2F
2-2: Strikes out looking
Batting: LHB Gonzalo López 0-0: Ball
1-0: Foul Ball, location: 2F
1-1: Foul Ball, location: 2F
1-2: Fly out, F8 (Popup, 8RS)
Batting: RHB Layton Templeman 0-0: Ball
1-0: Ground out 5-3 (Groundball, 56S)
Bottom of the 3rd over - 0 run(s), 0 hit(s), 0 error(s), 0 left on base; Seattle 0 - Kingston Township 1
TOP OF THE 4TH
Seattle Aviators batting - Pitching for Kingston Township Legion : LHP Shigemasa Horiuchi
Batting: RHB Sean Davis 0-0: Ball
1-0: Ball
2-0: Ball
3-0: Called Strike
3-1: Foul Ball, location: 2F
3-2: Ground out 4-3 (Groundball, 4)
Batting: LHB Ramón García 0-0: Ball
1-0: Ball
2-0: Fly out, F3 (Popup, 23)
Batting: RHB Vernon Caw 0-0: Ball
1-0: Ball
2-0: Ball
3-0: Called Strike
3-1: Ground out 6-3 (Groundball, 6)
Top of the 4th over - 0 run(s), 0 hit(s), 0 error(s), 0 left on base; Seattle 0 - Kingston Township 1
BOTTOM OF THE 4TH
Kingston Township Legion batting - Pitching for Seattle Aviators : RHP Matt Harris
Batting: LHB Clay Rush 0-0: Ball
1-0: Foul Ball, location: 2F
1-1: Ball
2-1: SINGLE (Groundball, 3D)
Batting: RHB Akihiko Oike 0-0: Called Strike
0-1: Ball
1-1: Foul Ball, location: 2F
1-2: Fly out, F8 (Flyball, 8RM)
Batting: RHB Pedro Mendoza 0-0: Ball
1-0: Ball
2-0: Foul Ball, location: 2F
2-1: Called Strike
2-2: Foul Ball, location: 2F
2-2: Strikes out swinging
Batting: RHB Noel Wells 0-0: Ball
1-0: Ball
2-0: Fly out, F7 (Flyball, 78D)
Bottom of the 4th over - 0 run(s), 1 hit(s), 0 error(s), 1 left on base; Seattle 0 - Kingston Township 1
TOP OF THE 5TH
Seattle Aviators batting - Pitching for Kingston Township Legion : LHP Shigemasa Horiuchi
Batting: RHB Brian Williams 0-0: Ball
1-0: Called Strike
1-1: Ball
2-1: Called Strike
2-2: Ground out 6-3 (Groundball, 6)
Batting: RHB Tanyu Kimura 0-0: Called Strike
0-1: Ball
1-1: Fly out, F3 (Popup, 34)
Batting: LHB Kenny Webster 0-0: Called Strike
0-1: Ball
1-1: Foul Ball, location: 2F
1-2: Fly out, F7 (Flyball, 7D)
Top of the 5th over - 0 run(s), 0 hit(s), 0 error(s), 0 left on base; Seattle 0 - Kingston Township 1
BOTTOM OF THE 5TH
Kingston Township Legion batting - Pitching for Seattle Aviators : RHP Matt Harris
Batting: RHB Stan Pierce 0-0: Called Strike
0-1: Ball
1-1: Swinging Strike
1-2: Strikes out swinging
Batting: RHB Jon Erickson 0-0: Foul Ball, location: 2F
0-1: Ball
1-1: Foul Ball, location: 2F
1-2: Foul Ball, location: 2F
1-2: Ball
2-2: Fly out, F8 (Flyball, 8LM)
Batting: LHB Forrest McCooke 0-0: Called Strike
0-1: Foul Ball, location: 2F
0-2: Foul Ball, location: 2F
0-2: Ball
1-2: Ball
2-2: Foul Ball, location: 2F
2-2: Ball
3-2: SINGLE (Line Drive, 6D)
Batting: LHB Gonzalo López 0-0: Ball
1-0: TRIPLE (Line Drive, 4MD)
Forrest McCooke scores
Batting: RHB Layton Templeman 0-0: Fly out, F8 (Line Drive, 8LM)
Bottom of the 5th over - 1 run(s), 2 hit(s), 0 error(s), 1 left on base; Seattle 0 - Kingston Township 2
TOP OF THE 6TH
Seattle Aviators batting - Pitching for Kingston Township Legion : LHP Shigemasa Horiuchi
Batting: RHB Clarence Fox 0-0: Ball
1-0: Ground out 6-3 (Groundball, 6)
Batting: RHB Randolph Davis 0-0: Ball
1-0: Ball
2-0: Ground out 4-3 (Groundball, 13)
Batting: RHB Kenzaburo Hori 0-0: Called Strike
0-1: Swinging Strike
0-2: Ball
1-2: Ball
2-2: Ball
3-2: Ground out 1-3 (Groundball, 2R)
Top of the 6th over - 0 run(s), 0 hit(s), 0 error(s), 0 left on base; Seattle 0 - Kingston Township 2
BOTTOM OF THE 6TH
Kingston Township Legion batting - Pitching for Seattle Aviators : RHP Matt Harris
Batting: LHB Clay Rush 0-0: Foul Ball, location: 2F
0-1: DOUBLE (Line Drive, 9LS)
Batting: RHB Akihiko Oike 0-0: Ball
1-0: Foul Ball, location: 2F
1-1: Ground out 5-3 (Groundball, 5S)
Clay Rush to third
Batting: RHB Pedro Mendoza 0-0: Ball
1-0: SINGLE (Groundball, 56D)
Clay Rush scores
Batting: RHB Noel Wells 0-0: Ball
1-0: Swinging Strike
1-1: Ball
2-1: Ground out 5-3 (Groundball, 5S)
Pedro Mendoza to second
Batting: RHB Stan Pierce 0-0: Ball
1-0: Ball
2-0: Foul Ball, location: 2F
2-1: Fly out, F9 (Flyball, 9M)
Bottom of the 6th over - 1 run(s), 2 hit(s), 0 error(s), 1 left on base; Seattle 0 - Kingston Township 3
TOP OF THE 7TH
Seattle Aviators batting - Pitching for Kingston Township Legion : LHP Shigemasa Horiuchi
Batting: RHB Sean Davis 0-0: Swinging Strike
0-1: Foul Ball, location: 2F
0-2: Strikes out looking
Batting: LHB Ramón García 0-0: Swinging Strike
0-1: Ball
1-1: Swinging Strike
1-2: Strikes out swinging
Batting: RHB Vernon Caw 0-0: Called Strike
0-1: Foul Ball, location: 2F
0-2: Hit by Pitch
Pitching: LHP Robert Byrd
Batting: RHB Brian Williams 0-0: Ball
1-0: Called Strike
1-1: Ball
2-1: Ball
3-1: Base on Balls
Vernon Caw to second
Batting: RHB Tanyu Kimura 0-0: SINGLE (Flyball, 8LS)
Vernon Caw to third
Brian Williams to second
Runner from 3rd tries for Home, SAFE, no throw or cutoff
Batting: LHB Kenny Webster 0-0: Ball
1-0: Swinging Strike
1-1: Called Strike
1-2: DOUBLE (Flyball, 78XD)
Brian Williams scores
Tanyu Kimura to third
Runner from 3rd tries for Home, SAFE, no throw or cutoff
Batting: RHB Clarence Fox 0-0: Ball
1-0: Foul Ball, location: 2F
1-1: SINGLE (Groundball, 4MD)
Kenny Webster to third
Runner from 3rd tries for Home, SAFE, throw made home
Clarence Fox to second
Pitching: LHP Zach Williams Jr.
Batting: RHB Randolph Davis 0-0: Ball
1-0: Ground out 4-3 (Groundball, 4M)
Top of the 7th over - 4 run(s), 3 hit(s), 0 error(s), 1 left on base; Seattle 4 - Kingston Township 3
BOTTOM OF THE 7TH
Kingston Township Legion batting - Pitching for Seattle Aviators : RHP Matt Harris
Batting: RHB Jon Erickson 0-0: Swinging Strike
0-1: Ball
1-1: Called Strike
1-2: Strikes out swinging
Batting: LHB Forrest McCooke 0-0: Ball
1-0: Ball
2-0: Foul Ball, location: 2F
2-1: Foul Ball, location: 2F
2-2: Ball
3-2: Base on Balls
Pitching: LHP Dalton García
Batting: LHB Gonzalo López 0-0: Ball
1-0: Fielders Choice at 2nd, 3-6 (Groundball, 3)
Batting: RHB Layton Templeman 0-0: Ball
1-0: Called Strike
1-1: Fielders Choice at 2nd, 6-4 (Groundball, 6)
Bottom of the 7th over - 0 run(s), 0 hit(s), 0 error(s), 0 left on base; Seattle 4 - Kingston Township 3
TOP OF THE 8TH
Seattle Aviators batting - Pitching for Kingston Township Legion : LHP Zach Williams Jr.
Batting: RHB Kenzaburo Hori 0-0: Called Strike
0-1: Ground out 6-3 (Groundball, 6M)
Batting: RHB Sean Davis 0-0: Foul Ball, location: 2F
0-1: Foul Ball, location: 2F
0-2: Ball
1-2: Fly out, F7 (Line Drive, 7M)
Batting: LHB Ramón García 0-0: Ball
1-0: Ball
2-0: Ball
3-0: Called Strike
3-1: Foul Ball, location: 2F
3-2: Ground out 4-3 (Groundball, 4)
Top of the 8th over - 0 run(s), 0 hit(s), 0 error(s), 0 left on base; Seattle 4 - Kingston Township 3
BOTTOM OF THE 8TH
Kingston Township Legion batting - Pitching for Seattle Aviators : LHP Dalton García
Pitching: RHP José Trujillo
Batting: LHB Clay Rush 0-0: Foul Ball, location: 2F
0-1: Ball
1-1: Ball
2-1: Foul Ball, location: 2F
2-2: Foul Ball, location: 2F
2-2: TRIPLE (Groundball, 3D)
Pitching: RHP Ken Frost
Batting: RHB Akihiko Oike 0-0: Ball
1-0: Swinging Strike
1-1: Swinging Strike
1-2: Ball
2-2: Strikes out swinging
Batting: RHB Pedro Mendoza 0-0: Called Strike
0-1: Fly out, F8 (Line Drive, 8LM)
Runner from 3rd tags up, SCORES, throw made
Batting: RHB Noel Wells 0-0: Ball
1-0: Foul Ball, location: 2F
1-1: Ball
2-1: Ground out 5-3 (Groundball, 5L)
Bottom of the 8th over - 1 run(s), 1 hit(s), 0 error(s), 0 left on base; Seattle 4 - Kingston Township 4
TOP OF THE 9TH
Seattle Aviators batting - Pitching for Kingston Township Legion : LHP Zach Williams Jr.
Pitching: RHP Jesús Prieto
Batting: RHB Vernon Caw 0-0: Ground out 5-3 (Groundball, 56S)
Batting: RHB Brian Williams 0-0: Called Strike
0-1: Foul Ball, location: 2F
0-2: Ball
1-2: Foul Ball, location: 2F
1-2: Foul Ball, location: 2F
1-2: Ball
2-2: Ball
3-2: Base on Balls
Batting: RHB Tanyu Kimura 0-0: Foul Ball, location: 2F
0-1: Ball
1-1: Ball
2-1: Ball
3-1: Base on Balls
Brian Williams to second
Pinch Runner at 2nd Tynan Hawkins:
Batting: LHB Kenny Webster 0-0: Ball
1-0: Ball
2-0: Called Strike
2-1: Ball
3-1: SINGLE (Line Drive, 4D)
Tynan Hawkins to third
Tanyu Kimura to second
Runner from 3rd tries for Home, SAFE, no throw or cutoff
Batting: RHB Clarence Fox 0-0: Called Strike
0-1: DOUBLE (Popup, 9LM)
Tanyu Kimura scores
Kenny Webster to third
Runner from 3rd tries for Home, SAFE, throw made home
Batting: RHB Randolph Davis 0-0: Foul Ball, location: 2F
0-1: Ball
1-1: Foul Ball, location: 2F
1-2: Ball
2-2: Strikes out looking
Batting: RHB Kenzaburo Hori 0-0: Called Strike
0-1: Swinging Strike
0-2: Strikes out swinging
Top of the 9th over - 3 run(s), 2 hit(s), 0 error(s), 1 left on base; Seattle 7 - Kingston Township 4
BOTTOM OF THE 9TH
Kingston Township Legion batting - Pitching for Seattle Aviators : RHP Ken Frost
Pitching: RHP Ken Hinkle
Now at C: Raúl Javier Jr.
Batting: RHB Stan Pierce 0-0: Ball
1-0: Swinging Strike
1-1: Called Strike
1-2: Foul Ball, location: 2F
1-2: Strikes out looking
Batting: RHB Jon Erickson 0-0: Ball
1-0: Ball
2-0: Called Strike
2-1: Foul Ball, location: 2F
2-2: Foul Ball, location: 2F
2-2: Ball
3-2: Strikes out swinging
Batting: LHB Forrest McCooke 0-0: Ball
1-0: Foul Ball, location: 2F
1-1: Ball
2-1: Called Strike
2-2: Strikes out swinging
Bottom of the 9th over - 0 run(s), 0 hit(s), 0 error(s), 0 left on base; Seattle 7 - Kingston Township 4
This league is powered by Out of the Park Baseball, the baseball management simulation game for PC, Mac and Linux
Friday, July 8th, 2016 - OOTP Baseball 16.9 Build 39